 Dungeon Crawl Stone Soup version 0.30-a0-137-gd8773701ce (webtiles) character file.

Game seed: 3644690348267045023

82954 blackman the Impaler (level 16, -1/133 HPs)
             Began as a Human Delver on Sept 23, 2022.
             Was the Champion of the Shining One.
             Killed by divine providence
             ... invoked by an orc high priest
              (15 damage)
             ... on level 2 of the Orcish Mines.
             The game lasted 00:59:28 (28456 turns).

blackman the Impaler (Human Delver)                Turns: 28456, Time: 00:59:29

Health: -1/133     AC: 32    Str: 27    XL:     16   Next: 22%
Magic:  19/26      EV: 13    Int: 14    God:    the Shining One [******]
Gold:   1952       SH:  5    Dex: 14    Spells: 15/15 levels left

rFire   . . .      SeeInvis .    v - +9 bardiche of Destruction {flame, *Rage Will+ Int+4}
rCold   + + .      Faith    .    (shield currently unavailable)
rNeg    + + +      Spirit   .    F - +1 plate armour
rPois   .          Reflect  +    i - +2 helmet
rElec   .          Harm     .    Q - +1 cloak of Starlight {*Dazzle EV+4 Stlth--}
rCorr   .          Rampage  +    e - +2 pair of gloves {Str+3}
Will    +....      Rage     20%  K - +2 pair of boots {rampage}
Stlth   ..........               Y - amulet of reflection
HPRegen 0.32/turn                J - ring "Onerruecvum" {rC++ Will- Slay+4}
MPRegen 0.20/turn                (no ring)

@: on berserk cooldown, slowed, glowing, studying 2 skills, very slow
A: talons 1, iridescent scales 1, strong 1
a: Renounce Religion, Divine Shield, Cleansing Flame, Summon Divine Warrior


You were on level 2 of the Orcish Mines.
You worshipped the Shining One.
The Shining One was exalted by your worship.
You visited 4 branches of the dungeon, and saw 23 of its levels.

You collected 2884 gold pieces.
You spent 932 gold pieces at shops.

Inventory:

Hand Weapons
 f - a +5 trishula of holy wrath
 v - the +9 bardiche of Destruction (weapon) {flame, *Rage Will+ Int+4}
   (You acquired it on level 5 of the Dungeon)

   It burns those it strikes, dealing additional fire damage.
   Big, fiery blades are also staple armaments of hydra-hunters.
   Int:       It affects your intelligence (+4).
   *Rage:     It berserks you when you make melee attacks (+20% chance).
   Will:      It increases your willpower.
Missiles
 h - 20 boomerangs (quivered)
 A - 7 javelins
Armour
 e - a +2 pair of gloves of strength (worn)
 i - a +2 helmet (worn)
 F - a +1 plate armour (worn)
 H - a +0 buckler
 K - a +2 pair of boots of rampaging (worn)
 Q - the +1 cloak of Starlight (worn) {*Dazzle EV+4 Stlth--}
   (You bought it in a shop on level 5 of the Dungeon)

   It may blind those who miss an attack against the wearer in melee combat.
   EV:        It affects your evasion (+4).
   Stlth:     It makes you much less stealthy.
Jewellery
 m - an amulet of faith
 E - an amulet of regeneration
 J - the ring "Onerruecvum" (left hand) {rC++ Will- Slay+4}
   (You found it on level 7 of the Dungeon)

   [ring of slaying]

   Slay:      It affects your accuracy & damage with ranged weapons and melee
   (+4).
   rC:        It greatly protects you from cold.
   Will:      It decreases your willpower.
 Y - an amulet of reflection (around neck)
Wands
 g - a wand of digging (10)
 u - a wand of polymorph (2)
 z - a wand of iceblast (9)
 L - a wand of flame (53)
 R - a wand of paralysis (2)
 V - a wand of acid (4)
Scrolls
 b - a scroll of poison
 c - 5 scrolls of fog
 d - 3 scrolls of magic mapping
 j - 3 scrolls of immolation
 o - 6 scrolls of amnesia
 p - 10 scrolls of teleportation
 s - 7 scrolls of blinking
 t - 3 scrolls of summoning
 y - 2 scrolls of fear
 G - 5 scrolls of vulnerability
 P - 2 scrolls of silence
 T - a scroll of brand weapon
 Z - 5 scrolls of identify
Potions
 k - 7 potions of curing
 l - 5 potions of berserk rage
 n - 2 potions of resistance
 q - 6 potions of brilliance
 r - 3 potions of attraction
 w - 9 potions of heal wounds
 x - 3 potions of haste
 B - a potion of cancellation
 D - a potion of magic
 I - 5 potions of lignification
 N - 3 potions of might
 O - 4 potions of mutation
 S - a potion of flight
 U - a potion of degeneration {unknown}
 W - a potion of ambrosia {unknown}
Miscellaneous
 a - a phial of floods
 C - a lightning rod (4/4)
 M - a tin of tremorstones (2/2)


   Skills:
 * Level 14.2 Fighting
 - Level 16.2 Polearms
 * Level 12.9 Armour
 - Level 2.0 Dodging
 - Level 5.0 Stealth
 - Level 13.8 Invocations


You had 15 spell levels left.
You didn't know any spells.
Your spell library contained the following spells:

 Spells                   Type           Power      Damage    Failure   Level
 Foxfire                  Conj/Fire      0%         2x1d4     91%         1
 Sandblast                Erth           0%         2d4       91%         1
 Ensorcelled Hibernation  Hex/Ice        0%         N/A       97%         2
 Passwall                 Tmut/Erth      0%         N/A       97%         2
 Static Discharge         Conj/Air       0%         2-2/arc   97%         2
 Sublimation of Blood     Necr           0%         N/A       97%         2
 Wereblood                Tmut           0%         N/A       97%         2
 Call Canine Familiar     Summ           0%         N/A       99%         3
 Frozen Ramparts          Ice            0%         1d1       99%         3
 Ignite Poison            Fire/Tmut/Pois 0%         N/A       99%         3
 Inner Flame              Hex/Fire       0%         N/A       99%         3
 Kindle Blastsparks       Fire/Tloc/Air  0%         2d10      99%         3
 Portal Projectile        Hex/Tloc       0%         N/A       99%         3
 Spider Form              Tmut/Pois      0%         N/A       99%         3
 Stone Arrow              Conj/Erth      0%         3d7       99%         3
 Swiftness                Air            0%         N/A       99%         3
 Tukima's Dance           Hex            0%         N/A       99%         3
 Anguish                  Hex/Necr       0%         N/A       100%        4
 Animate Armour           Summ/Erth      0%         N/A       100%        4
 Flame Wave               Conj/Fire      0%         2d4       100%        4
 Ice Form                 Ice/Tmut       0%         N/A       100%        4
 Leda's Liquefaction      Hex/Erth       0%         N/A       100%        4
 Olgreb's Toxic Radiance  Pois           0%         N/A       100%        4
 Passage of Golubria      Tloc           0%         N/A       100%        4
 Petrify                  Tmut/Erth      0%         N/A       100%        4
 Sticky Flame             Conj/Fire      0%         2d3       100%        4
 Summon Ice Beast         Ice/Summ       0%         N/A       100%        4
 Arcjolt                  Conj/Air       0%         1d10      100%        5
 Blade Hands              Tmut           0%         N/A       100%        5
 Lightning Bolt           Conj/Air       0%         1d11      100%        5
 Metabolic Englaciation   Hex/Ice        0%         N/A       100%        5
 Yara's Violent Unravell  Hex/Tmut       0%         3d3       100%        5
 Iron Shot                Conj/Erth      0%         9d1       100%        6
 Statue Form              Tmut/Erth      0%         N/A       100%        6
 Ozocubu's Refrigeration  Ice            0%         4d7       100%        7
 Summon Hydra             Summ           0%         N/A       100%        7
 Ignition                 Fire           0%         3d3       100%        8
 Maxwell's Capacitive Co  Air            0%         ∞         100%        8


Dungeon Overview and Level Annotations

Branches:
Dungeon (15/15)            Temple (1/1) D:5            Lair (5/5) D:11
 Shoals (0/4) Lair:2        Snake (0/4) Lair:3        Slime (0/5) Lair:4
    Orc (2/2) D:12            Elf (0/3) Orc:2        Vaults (0/5) D:13
 Depths (0/4) D:15

Altars:
Ashenzari
Cheibriados
Dithmenos
Elyvilon
Fedhas
Gozag
Hepliaklqana
Kikubaaqudgha
Makhleb
Nemelex Xobeh
Okawaru
Qazlal
Ru
Sif Muna
Trog
Uskayaw
Vehumet
Wu Jian
Xom
Yredelemnul
Zin
The Shining One
Lugonu

Shops:
D:5 ([   D:9 (   D:11 !   Orc:1 ?:   Orc:2 **

Portals:
Abyss: Lair:5

Annotations:
Lair:1 exclusion: oklob plant


Innate Abilities, Weirdness & Mutations

You have sharp toenails.
You are partially covered in iridescent scales. (AC +2)
Your muscles are strong. (Str +4, Int/Dex -1)


Message History

Your daeva blocks something's attack.
Something misses your daeva. The ynoxinul gestures at you.
Your daeva blocks the iron shot.
Your daeva hits the orc high priest with a +2 scimitar of holy wrath!
Your daeva closely misses the orc high priest.
You chop the demonspawn into pieces!!! You burn the demonspawn!
The demonspawn is almost dead.
The sixfirhy is no longer blind.
Your daeva blocks something's attack. x2
The demonspawn barely misses you.
The demonspawn claws you but does no damage.
The demonspawn barely misses you.
The orc high priest prays to Beogh.
Something barely misses your daeva.
Something hits your daeva but does no damage.
The ynoxinul hits your daeva.
Your daeva hits the demonspawn with a +2 scimitar of holy wrath!
The demonspawn dies!
The Shining One accepts your kill.
Your daeva blocks the orc high priest's attack.
Your daeva blocks something's attack.
Something closely misses your daeva. The ynoxinul closely misses your daeva.
You cut the orc high priest into ribbons!!!
You burn the orc high priest!
The orc high priest is almost dead.
Your daeva blocks the sixfirhy's attack.
The sixfirhy barely misses your daeva. The sixfirhy hits your daeva.
The sixfirhy shocks your daeva! The sixfirhy closely misses your daeva.
Your daeva blocks the sixfirhy's attack.
Something closely misses your daeva. Something barely misses your daeva.
Your daeva misses the sixfirhy.
Your daeva hits the sixfirhy with a +2 scimitar of holy wrath!
The sixfirhy convulses!
An orc sorcerer comes into view. It is wielding a +0 dagger of draining.
The orc high priest barely misses you.
The orc high priest mumbles some strange prayers to Beogh against you.
Beogh smites you!
* * * LOW HITPOINT WARNING * * *
The orc high priest mumbles some strange prayers to Beogh against you.
Beogh smites you!
You die...

##.#....##
...###.)###
#......##
##...###.)##
##.##.###.
#.##...###).#
#######.. #...
#.....)). ##... #53#
##...#.). ##.#.##oo#
##....#. ##.....3o#
##..... #....)#A##
##).#. #..))@o3#
##..... ##.#.##3.#
##....#. #..)##..#
##...#...
##.))##.o.##........
##).)##.##..)###..#
##.))###...###..##
##..)#...###..##
####.#.#.###..##
##.###...###..##


You could see an orc knight, 3 orc high priests, 3 sixfirhies, a ynoxinul
(summoned), an orc sorcerer, an ufetubus (summoned) and a friendly daeva
(summoned).

Vanquished Creatures
  Rupert (Orc:2)
  Agnes (D:14)
  Frances (D:12)
  A fire dragon (D:13)
  Josephine (Orc:2)
  A rakshasa (D:13)
  2 vault guards (D:13)
  2 spriggan skeletons (D:15)
  2 catoblepae
  5 centaur warriors
  A boulder beetle (Lair:2)
  A demonspawn (Orc:2)
  A death knight (D:14)
  Urug (Orc:2)
  7 two-headed ogres
  2 orc high priests (Orc:2)
  11 death yaks
  A tengu warrior (D:15)
  A vampire mage (D:15)
  Sonja (D:14)
  2 thrashing horrors (Lair:5)
  Amaemon (Lair:2)
  Lodul (D:11)
  A fire crab (shapeshifter) (Lair:5)
  7 skeletal warriors
  4 orc knights
  A necromancer (D:15)
  5 orc sorcerers (Orc:2)
  3 ugly things
  6 cyclopes
  A sphinx skeleton (D:15)
  A manticore (D:7)
  7 elephants
  A smoke demon (Lair:5)
  3 black mambas
  A rime drake (Lair:2)
  15 cane toads
  An efreet (D:15)
  An orange demon (Lair:2)
  7 komodo dragons
  A komodo dragon (shapeshifter) (D:15)
  A freezing wraith (D:14)
  A meliai (shapeshifter) (D:13)
  9 trolls
  2 red devils (Orc:2)
  2 ancient zymes (Lair:5)
  A wolf spider simulacrum (D:15)
  A tarantella (shapeshifter) (D:15)
  2 hornets
  3 polar bears (Lair:3)
  13 blink frogs (Lair:5)
  A slime creature (D:7)
  3 large abominations (Lair:5)
  A spriggan (Lair:5)
  A ynoxinul (Lair:5)
  9 wraiths
  4 wyverns
  6 basilisks
  21 yaks
  9 humans (D:13)
  A chaos spawn (Lair:5)
  A steam dragon (D:6)
  A warg (shapeshifter) (Lair:5)
  A warg (Orc:2)
  3 acid dragons
  8 vampire mosquitoes
  17 water moccasins
  35 orc warriors
  A glowing shapeshifter skeleton (D:15)
  A black bear (shapeshifter) (Lair:5)
  A sky beast (D:6)
  7 small abominations (Lair:5)
  3 ice beasts
  13 ogres
  6 black bears
  13 centaurs
  A phantom (D:5)
  2 kobold brigands
  5 bullfrogs
  A necrophage (D:4)
  4 scorpions
  2 gnoll sergeants
  11 wights
  10 killer bees
  3 electric eels
  8 howler monkeys
  A lava snake (D:15)
  7 hounds
  2 jellies
  20 orc priests
  2 gnoll boudas (D:7)
  Jessica (D:2)
  4 iguanas
  20 orc wizards
  11 gnolls
  12 adders
  4 white imps
  An ufetubus (D:3)
  A worm (D:3)
  6 dart slugs
  74 orcs
  8 ball pythons
  7 endoplasms
  4 giant cockroaches
  7 goblins
  10 hobgoblins
  13 jackals
  3 quokkas
  9 bats
  8 frilled lizards
  15 kobolds
  8 rats
621 creatures vanquished.

Vanquished Creatures (collateral kills)
  A demonspawn (Orc:2)
1 creature vanquished.

Vanquished Creatures (others)
  A vault guard (D:13)
  A blink frog (Lair:5)
  An orc (Orc:2)
  7 fungi
  6 plants
  15 toadstools (Lair:1)
31 creatures vanquished.

Grand Total: 653 creatures vanquished

Notes
Turn   | Place    | Note
-------+----------+-------------------------------------------
     0 | D:5      | blackman the Human Delver began the quest for the Orb.
     0 | D:5      | Reached XP level 1. HP: 18/18 MP: 1/1
    25 | D:5      | Noticed an iguana
    29 | D:5      | Found a staircase to the Ecumenical Temple.
    34 | D:5      | Noticed a hound
    36 | D:5      | Noticed an orc wizard
    44 | Temple   | Entered the Ecumenical Temple
    44 | Temple   | Found a transporter.
    44 | Temple   | Found a transporter.
   285 | Temple   | Found a transporter.
   285 | Temple   | Found a transporter.
   310 | Temple   | Became a worshipper of Elyvilon the Healer
   356 | D:4      | Killed a hound
   357 | D:4      | Reached skill level 3 in Polearms
   357 | D:4      | Reached XP level 2. HP: 3/24 MP: 2/2
   357 | D:4      | Reached XP level 3. HP: 4/29 MP: 3/3
  1016 | D:4      | Reached skill level 4 in Polearms
  1016 | D:4      | Reached XP level 4. HP: 31/35 MP: 4/4
  1199 | D:4      | Reached XP level 5. HP: 38/41 MP: 5/5
  1267 | D:3      | Reached skill level 5 in Polearms
  1420 | D:3      | Identified 2 scrolls of acquirement
  1420 | D:3      | Acquired a +6 glaive of venom
  1794 | D:3      | Acquired a +0 pair of gloves of strength
  2272 | D:3      | Found an iron altar of Okawaru.
  2410 | D:4      | Reached * piety under Elyvilon
  2491 | D:4      | Reached XP level 6. HP: 47/47 MP: 6/6
  2771 | D:4      | Reached skill level 6 in Polearms
  2784 | D:4      | Found a hide-covered altar of Uskayaw.
  3182 | D:5      | Acquired the +9 bardiche of Destruction {flame, *Rage Will+
                  | Int+4}
  3419 | D:5      | Reached XP level 7. HP: 52/52 MP: 7/7
  3435 | D:5      | Reached skill level 7 in Polearms
  3665 | D:5      | Found Foxuocvu's Antique Armour Boutique.
  3671 | D:5      | Reached ** piety under Elyvilon
  3699 | D:5      | Reached skill level 8 in Polearms
  3937 | D:5      | Found Ceoriar's Weapon Boutique.
  4350 | D:2      | Noticed Jessica
  4352 | D:2      | Killed Jessica
  4353 | D:2      | Reached XP level 8. HP: 58/58 MP: 8/8
  5537 | D:1      | Reached *** piety under Elyvilon
  5571 | D:1      | Found a faded altar of an unknown god.
  6169 | D:6      | Reached skill level 9 in Polearms
  7137 | D:6      | Noticed a yak
  7188 | D:6      | Reached skill level 10 in Polearms
  7198 | D:6      | Reached XP level 9. HP: 64/64 MP: 9/9
  7210 | D:6      | Reached skill level 11 in Polearms
  7430 | D:7      | Reached skill level 12 in Polearms
  7531 | D:7      | Reached **** piety under Elyvilon
  7742 | D:7      | Noticed a manticore
  7742 | D:7      | Noticed a troll
  7742 | D:7      | Noticed a cyclops
  7742 | D:7      | Noticed a slime creature
  7748 | D:7      | Killed a manticore
  7749 | D:7      | Reached skill level 13 in Polearms
  7749 | D:7      | Reached XP level 10. HP: 33/70 MP: 10/10
  7762 | D:7      | HP: 3/105 [cyclops/large rock (4)]
  7764 | D:7      | Killed a cyclops
  7765 | D:7      | Reached skill level 14 in Polearms
  8264 | D:7      | Identified the ring "Onerruecvum" {rC++ Will- Slay+4}
  8857 | D:7      | Noticed a two-headed ogre
  8865 | D:7      | Killed a two-headed ogre
  8866 | D:7      | Reached skill level 15 in Polearms
  9004 | D:7      | Noticed a purple ugly thing
  9012 | D:7      | Killed a purple ugly thing
  9013 | D:7      | Reached XP level 11. HP: 75/75 MP: 11/11
  9276 | D:8      | Found a glowing golden altar of the Shining One.
  9767 | D:8      | Noticed a two-headed ogre
  9771 | D:8      | Killed a two-headed ogre
  9772 | D:8      | Reached skill level 16 in Polearms
  9915 | D:8      | Reached ***** piety under Elyvilon
  9971 | D:9      | Paralysed by a hornet for 1 turns
  9973 | D:9      | Reached skill level 1 in Invocations
 10074 | D:9      | Found Resihycosh's Weapon Shoppe.
 10906 | D:9      | Noticed a two-headed ogre
 10911 | D:9      | Killed a two-headed ogre
 10915 | D:9      | Reached skill level 5 in Fighting
 12102 | D:10     | Entered Level 10 of the Dungeon
 12245 | D:5      | Bought the +1 cloak of Starlight {*Dazzle EV+4 Stlth--} for
                  | 671 gold pieces
 12245 | D:5      | Found the +1 cloak of Starlight {*Dazzle EV+4 Stlth--}
 12915 | D:10     | Reached skill level 5 in Invocations
 12945 | D:10     | Noticed a two-headed ogre
 12947 | D:10     | Killed a two-headed ogre
 13288 | D:11     | Found a staircase to the Lair.
 13303 | D:11     | Reached XP level 12. HP: 89/89 MP: 16/16
 13471 | D:11     | Found a runed translucent door.
 13531 | D:11     | Noticed Lodul
 13561 | D:11     | Killed Lodul
 15084 | D:11     | Found Jepariy's Distillery.
 15091 | D:11     | Bought a potion of heal wounds for 60 gold pieces
 15091 | D:11     | Bought a potion of mutation for 96 gold pieces
 15091 | D:11     | Gained mutation: You have sharp toenails. [potion of
                  | mutation]
 15091 | D:11     | Gained mutation: You are partially covered in iridescent
                  | scales. (AC +2) [potion of mutation]
 15091 | D:11     | Gained mutation: Your muscles are strong. (Str +4, Int/Dex
                  | -1) [potion of mutation]
 15283 | Lair:1   | Entered Level 1 of the Lair of Beasts
 15400 | Lair:1   | Reached ****** piety under Elyvilon
 15956 | Lair:1   | Found a blossoming altar of Fedhas.
 15984 | Lair:1   | You fall into a shaft and drop 1 floor!
 16106 | Lair:2   | Noticed a boulder beetle
 16112 | Lair:2   | Killed a boulder beetle
 16218 | Lair:2   | Found a staircase to the Shoals.
 16461 | D:8      | Fell from the grace of Elyvilon
 16461 | D:8      | Became a worshipper of the Shining One
 16461 | D:8      | Reached * piety under the Shining One
 16461 | D:8      | Reached ** piety under the Shining One
 16461 | D:8      | Reached *** piety under the Shining One
 16593 | Lair:2   | Reached skill level 10 in Fighting
 16770 | Lair:2   | Reached XP level 13. HP: 98/104 MP: 19/19
 17273 | Lair:2   | Noticed Amaemon
 17283 | Lair:2   | Killed Amaemon
 17807 | Lair:3   | Found a staircase to the Snake Pit.
 17879 | Lair:3   | Reached **** piety under the Shining One
 17884 | Lair:3   | Reached skill level 1 in Armour
 17906 | Lair:3   | Reached skill level 5 in Armour
 19088 | Lair:4   | Found a bloodstained altar of Trog.
 19320 | Lair:4   | Found a staircase to the Slime Pits.
 19387 | Lair:5   | Entered Level 5 of the Lair of Beasts
 20087 | Lair:5   | Reached XP level 14. HP: 94/113 MP: 20/20
 20391 | Lair:5   | Reached skill level 10 in Invocations
 20626 | Lair:5   | Reached ***** piety under the Shining One
 20658 | Lair:5   | Identified the +8 sling of the Evening {flame, *Corrode Fly
                  | rN+}
 20658 | Lair:5   | Identified the +0 ice dragon scales of the Ancient
                  | Ziggurats {rF- rC++ Str+2}
 20676 | Lair:5   | Found a corrupted altar of Lugonu.
 20676 | Lair:5   | Found a one-way gate to the infinite horrors of the Abyss.
 22007 | D:12     | Noticed Frances
 22027 | D:12     | Killed Frances
 22315 | D:12     | Found a staircase to the Orcish Mines.
 22342 | D:12     | Found a hazy altar of Hepliaklqana.
 22817 | D:13     | Noticed Sonja
 23440 | D:13     | Reached XP level 15. HP: 119/119 MP: 25/25
 23448 | D:13     | Reached skill level 10 in Armour
 23506 | D:13     | Found a gate to the Vaults.
 23510 | D:13     | Found the +11 plutonium sword {Contam Stlth-}
 23804 | D:13     | Found a shimmering blue altar of Sif Muna.
 23828 | D:13     | You fall into a shaft and drop 2 floors!
 23828 | D:15     | Entered Level 15 of the Dungeon
 24688 | D:15     | Found a staircase to the Depths.
 25294 | D:14     | Killed Sonja
 26122 | D:14     | Noticed Agnes
 26132 | D:14     | Killed Agnes
 26925 | Orc:1    | Entered Level 1 of the Orcish Mines
 27080 | Orc:2    | Entered Level 2 of the Orcish Mines
 27086 | Orc:2    | Noticed Rupert
 27094 | Orc:2    | Killed Rupert
 27220 | Orc:1    | Found Jisch's Magic Scroll Emporium.
 27280 | Orc:1    | Found Ecuite's Vocational Training.
 27568 | Orc:2    | Noticed Josephine
 27576 | Orc:2    | Killed Josephine
 27689 | Orc:2    | Noticed Urug
 27697 | Orc:2    | Paralysed by Urug for 2 turns
 27702 | Orc:2    | Killed Urug
 27792 | Orc:2    | Found Lynyr's General Store.
 27793 | Orc:2    | Found Loohul's General Store.
 27793 | Orc:2    | Reached ****** piety under the Shining One
 27833 | Orc:2    | Reached XP level 16. HP: 61/132 MP: 26/26
 28130 | Orc:2    | Found a staircase to the Elven Halls.
 28339 | Orc:2    | Paralysed by an orc sorcerer for 3 turns
 28350 | Orc:2    | Identified a +2 trishula of holy wrath (a +0 demon trident
                  | of draining blessed by the Shining One)
 28350 | Orc:2    | Received a gift from the Shining One
 28373 | Orc:2    | Bought a scroll of enchant weapon for 105 gold pieces
 28456 | Orc:2    | Killed from afar by an orc high priest

Illustrated notes

Levels and vault maps discovered:
D:1:      saegor_arrival_simple_a, layout_rooms,
          hellmonk_ecumenical_altar_defaced_shrine, hangedman_feature_mirror
D:2:      layout_loops_ring, uniq_jessica
D:3:      cheibrodos_helix_gallery, layout_basic, okawaru_metal_pillars_3,
          uniq_crazy_yiuf_cottage
D:4:      layout_basic, lemuel_crystal_altar
D:5:      layout_basic, minmay_temple_entry_large_hall, serial_shops, shop,
          nicolae_shop_bloodbath_and_beyond
D:6:      layout_rooms, grunt_tough_drop
D:7:      minmay_the_grid_octo_tiled_octocenter
          [minmay_the_grid_octo_tetromino_candy, minmay_the_grid_octo_77,
          minmay_the_grid_octo_horde, minmay_the_grid_octo_odd_swirl,
          minmay_the_grid_octo_prize_big_c,
          minmay_the_grid_square_5x5_three_small,
          minmay_the_grid_square_5x5_minimal, minmay_the_grid_square_5x5_seven,
          minmay_the_grid_square_5x5_inner_z], layout_cave_pools,
          serial_column_ruins, column_ruins_hut, column_ruins_columns_dead_end,
          column_ruins_open_tiny_water, column_ruins_grid_1,
          column_ruins_corridor_dead_end, column_ruins_open_small,
          column_ruins_corridor_straight, column_ruins_columns_straight,
          minmay_manual_monstrance
D:8:      layout_rooms, lemuel_crystal_altar
D:9:      layout_layer_cave, serial_shops, nicolae_diamond_shop,
          kennysheep_donut
D:10:     layout_irregular_city, nicolae_kite_square_tiling_tiny
D:11:     layout_basic, dpeg_oklobed_lair, serial_shops, shop,
          lightli_church_of_beogh, uniq_lodul
D:12:     minmay_connected_triangles_in_corner, layout_rooms, orc_0_dummy,
          nzn_hepliaklqana_mist_gate, uniq_frances
D:13:     layout_cave_pools, ximxim_vaults_locker_room, led_sif_pool, uniq_sonja
D:14:     layout_loops_ring, amcnicky_mini_pool_small, uniq_agnes
D:15:     gammafunk_depths_entry_grave, layout_basic, nicolae_lava_and_water
Temple:   hellmonk_temple_divided_pantheon
Lair:1:   layout_regular_city, chequers_serial_rivers_marsh, tgw_fedhas,
          grunt_megastairs_2, serial_bayou_shore_a, infiniplex_staircase_pool_2
Lair:2:   layout_gridlike, elwin_shoals_entry_rocks, uniq_amaemon
Lair:3:   layout_small_grid, dummy_snake_entry, grunt_megastairs_1,
          lemuel_fruit_tree
Lair:4:   layout_big_grid, dpeg_slime_entry_corner, basic_altar,
          grunt_megastairs_4
Lair:5:   hellmonk_lair_end_abyssal_woods, layout_cave_shapes
Orc:1:    layout_caves, serial_shops, shop, nicolae_shop_vocational
Orc:2:    pf_orc_diabolical, layout_caves, basic_altar, lemuel_statue_altar,
          nicolae_orc_lost_temple, uniq_urug, uniq_rupert, uniq_josephine

Skill      XL: |  1  2  3  4  5  6  7  8  9 10 11 12 13 14 15 16 |
---------------+-------------------------------------------------+-----
Polearms       | 3 4 5 6 8 10 13 15 16 | 16.2
Invocations    | 5 8 13 | 13.8
Fighting       | 6 10 11 13 14 | 14.2
Armour         | 9 12 | 12.9
Dodging        | |  2.0
Stealth        | |  5.0

Action                   |  1- 3 |  4- 6 |  7- 9 | 10-12 | 13-15 | 16-18 || total
-------------------------+-------+-------+-------+-------+-------+-------++-------
Melee: Spear             |    31 |   102 |       |       |       |       ||   133
       Glaive            |       |    56 |       |       |       |       ||    56
       Bardiche          |       |    10 |   207 |   349 |   572 |    66 ||  1204
Throw: Boomerang         |       |       |     1 |       |       |       ||     1
       Throwing net      |       |       |       |       |     2 |       ||     2
Invok: Heal Self         |       |       |       |     1 |       |       ||     1
       Divine Shield     |       |       |       |       |     5 |       ||     5
       Cleansing Flame   |       |       |       |       |     4 |     1 ||     5
       Summon Divine War |       |       |       |       |       |     1 ||     1
       Brand Weapon With |       |       |       |       |       |     1 ||     1
  Use: Scroll            |     2 |     3 |       |    14 |    10 |     3 ||    32
       Potion            |     1 |     2 |     1 |     5 |     7 |       ||    16
 Stab: Sleeping          |     1 |     5 |    18 |       |       |       ||    24
       Distracted        |       |       |     2 |       |       |       ||     2
       Invisible         |       |       |       |     5 |       |       ||     5
Armor: Leather armour    |    10 |    70 |    44 |       |       |       ||   124
       Plate armour      |       |       |    40 |   218 |   495 |    65 ||   818
Dodge: Dodged            |    26 |   152 |    80 |   145 |   377 |    59 ||   839
Block: Other             |       |       |       |       |   179 |    19 ||   198
       Reflection        |       |       |       |       |    14 |     1 ||    15

Table legend: (Time is in decaauts)
 A = Elapsed time spent in this place.
 B = Non-inter-level travel time spent in this place.
 C = Inter-level travel time spent in this place.
 D = Time resting spent in this place.
 E = Time spent auto-exploring this place.
 F = Levels seen in this place.
 G = Mean time per level.
                   A        B        C        D        E       F      G
               +--------+--------+--------+--------+--------+-----+--------+
         Total |  29656 |  28085 |   1571 |   9240 |  15679 |  23 | 1289.4 |
       Dungeon |  21045 |  19939 |   1106 |   7139 |  10681 |  15 | 1403.0 |
        Temple |    306 |    271 |     35 |    239 |      6 |   1 |  306.0 |
          Lair |   6656 |   6297 |    359 |   1776 |   3842 |   5 | 1331.2 |
  Orcish Mines |   1647 |   1577 |     70 |     86 |   1149 |   2 |  823.5 |
               +--------+--------+--------+--------+--------+-----+--------+

Top non-repeatable levels by time:
  Lair:5: 2508 daAuts
     D:9: 2285 daAuts
    D:11: 2206 daAuts
     D:7: 2120 daAuts
  Lair:2: 1521 daAuts
     D:5: 1501 daAuts
    D:15: 1495 daAuts
    D:12: 1427 daAuts
     D:4: 1418 daAuts
    D:14: 1328 daAuts
     D:6: 1222 daAuts
     D:3: 1207 daAuts
    D:10: 1134 daAuts
   Orc:2: 1105 daAuts
     D:2: 1083 daAuts
